 Dungeon Crawl Stone Soup version 0.29.1-14-g9c671dbff4 (webtiles) character file.

Game seed: 13611208062880619871

227 DemonSlayer the Digger (level 5, -2/35 HPs)
             Began as a Demonspawn Earth Elementalist on Feb 18, 2023.
             Slain by a scorpion (3 damage)
             ... on level 4 of the Dungeon.
             The game lasted 00:04:12 (2697 turns).

DemonSlayer the Digger (DsEE)                       Turns: 2697, Time: 00:04:12

Health: -2/35      AC:  3    Str: 10    XL:     5   Next: 70%
Magic:  6/10       EV: 11    Int: 17    God:
Gold:   128        SH:  3    Dex: 13    Spells: 10/11 levels left

rFire   . . .      SeeInvis .   a - +1 dagger (freeze)
rCold   . . .      Faith    .   m - +0 buckler
rNeg    . . .      Spirit   .   l - +0 leather armour
rPois   .          Reflect  .   (no helmet)
rElec   .          Harm     .   (no cloak)
rCorr   .          Rampage  .   (no gloves)
Will    .....                   (no boots)
Stlth   ++........              (no amulet)
HPRegen 0.11/turn               (no ring)
MPRegen 0.12/turn               (no ring)

@: lethally poisoned (-2 -> -14)
A: claws 1, sturdy frame 1
a: no special abilities


You were on level 4 of the Dungeon.
You visited 1 branch of the dungeon, and saw 4 of its levels.

You collected 128 gold pieces.

Inventory:

Hand Weapons
 a - a +1 dagger of freezing (weapon)
Missiles
 q - a throwing net
Armour
 l - a +0 leather armour (worn)
 m - a +0 buckler (worn)
Scrolls
 c - 5 scrolls of identify {unknown}
 d - a scroll of brand weapon {unknown}
 e - a scroll of teleportation
 h - a scroll of poison {unknown}
 i - a scroll of torment {unknown}
 n - a scroll of magic mapping {unknown}
 p - a scroll of blinking {unknown}
Potions
 b - 2 potions of haste {unknown}
 f - a potion of flight {unknown}
 g - a potion of berserk rage {unknown}
 j - a potion of mutation {unknown}
 k - a potion of brilliance {unknown}
 o - a potion of curing {unknown}


   Skills:
 + Level 0.1 Fighting
 + Level 0.1 Short Blades
 + Level 2.0 Dodging
 + Level 2.9 Stealth
 + Level 0.1 Unarmed Combat
 + Level 3.9 Spellcasting
 + Level 0.8 Transmutations
 + Level 4.0 Earth Magic


You had 10 spell levels left.
You knew the following spells:

 Your Spells              Type           Power      Damage    Failure   Level
a - Sandblast             Erth           34%        2d9       4%          1

Your spell library contained the following spells:

 Spells                   Type           Power      Damage    Failure   Level
 Passwall                 Tmut/Erth      9%         N/A       13%         2
 Stone Arrow              Conj/Erth      20%        3d8       30%         3
 Petrify                  Tmut/Erth      11%        N/A       63%         4


Dungeon Overview and Level Annotations

Branches:
Dungeon (4/15)
 Temple: D:4-7

Altars:


Innate Abilities, Weirdness & Mutations

You have sharp fingernails.
Your movements are slightly less encumbered by armour. (ER -2)


Message History

A scorpion is nearby!
Casting: Sandblast (safe; 4% risk of failure)
Confirm with . or Enter, or press ? or * to list all spells.
Aiming: Sandblast (safe; 4% risk of failure)
Press: ? - help, Shift-Dir - straight line, f - scorpion
Aim: a scorpion (wandering, hasn't noticed you, 82% to hit)
The blast of sand misses the scorpion.
The scorpion misses you.
Casting: Sandblast (safe; 4% risk of failure)
Confirm with . or Enter, or press ? or * to list all spells.
Aiming: Sandblast (safe; 4% risk of failure)
Press: ? - help, Shift-Dir - straight line, f/p - scorpion
Aim: a scorpion (82% to hit)
The blast of sand hits the scorpion.
The scorpion is moderately wounded.
The scorpion stings you.
You are poisoned.
The scorpion poisons you!
Casting: Sandblast (safe; 4% risk of failure)
Confirm with . or Enter, or press ? or * to list all spells.
Aiming: Sandblast (safe; 4% risk of failure)
Press: ? - help, Shift-Dir - straight line, f/p - scorpion
Aim: a scorpion (moderately wounded, 82% to hit)
The blast of sand hits the scorpion but does no damage.
The scorpion is moderately wounded.
You feel very sick. You block the scorpion's attack. The scorpion stings you.
* * * LOW HITPOINT WARNING * * *
You are lethally poisoned!
The scorpion poisons you!
Casting: Sandblast (safe; 4% risk of failure)
Confirm with . or Enter, or press ? or * to list all spells.
Aiming: Sandblast (safe; 4% risk of failure)
Press: ? - help, Shift-Dir - straight line, f/p - scorpion
Aim: a scorpion (moderately wounded, 82% to hit)
The blast of sand hits the scorpion but does no damage.
The scorpion is moderately wounded.
* * * LOW HITPOINT WARNING * * *
You feel very sick. The scorpion stings you.
You die...

..... #.....#############
......##.....##..........#
..O..........##..........#
......##.....##..........#
......#....s.....).......#
................)).......#
.............##..).......#
########...<.##.s........#
########.@........#
#..........# ############


You could see a scorpion.

Vanquished Creatures
  An ogre (D:4)
  A jelly (D:3)
  Natasha (D:2)
  3 gnolls (D:4)
  2 adders (D:3)
  A dart slug (D:3)
  4 orcs (D:4)
  5 endoplasms
  A giant cockroach (D:1)
  3 hobgoblins
  A kobold (D:3)
  2 ball pythons (D:1)
  4 bats
  2 frilled lizards
  6 goblins
  3 rats
  A spectral kobold (D:2)
41 creatures vanquished.

Notes
Turn   | Place    | Note
-------+----------+-------------------------------------------
     0 | D:1      | DemonSlayer the Demonspawn Earth Elementalist began the
                  | quest for the Orb.
     0 | D:1      | Reached XP level 1. HP: 13/13 MP: 3/3
   332 | D:1      | Gained mutation: Your movements are slightly less
                  | encumbered by armour. (ER -2) [demonic ancestry]
   332 | D:1      | Reached XP level 2. HP: 19/19 MP: 1/5
   589 | D:1      | Reached skill level 3 in Earth Magic
   868 | D:2      | Noticed Natasha
   875 | D:2      | Killed Natasha
   876 | D:2      | Reached XP level 3. HP: 12/24 MP: 1/6
  1299 | D:2      | You fall into a shaft and drop 1 floor!
  1485 | D:3      | Gained mutation: You have sharp fingernails. [demonic
                  | ancestry]
  1485 | D:3      | Reached XP level 4. HP: 5/30 MP: 5/8
  2525 | D:4      | Reached XP level 5. HP: 16/35 MP: 0/10
  2658 | D:4      | Noticed an ogre
  2675 | D:4      | Killed an ogre
  2676 | D:4      | Reached skill level 4 in Earth Magic
  2697 | D:4      | HP: 1/35 [poisoned by a scorpion]
  2697 | D:4      | Slain by a scorpion

Illustrated notes

Levels and vault maps discovered:
D:1:      dpeg_arrival_simpleton_b, layout_rooms, minmay_close_crescents
D:2:      layout_basic, dreamdust_ecumenical_altar_drowned_temple,
          minmay_misc_feat_tower, kennysheep_cross_bottleneck, uniq_natasha
D:3:      layout_loops_ring, due_unseen_surprise
D:4:      layout_rooms

Skill      XL: |  1  2  3  4  5 |
---------------+----------------+-----
Stealth        | 2 |  2.9
Earth Magic    | 3 4 |  4.0
Spellcasting   | 3 |  3.9
Dodging        | 2 |  2.0
Fighting       | |  0.1
Short Blades   | |  0.1
Unarmed Combat | |  0.1
Transmutations | |  0.8

Action                   |  1- 3 |  4- 6 || total
-------------------------+-------+-------++-------
Melee: Unarmed           |     6 |       ||     6
       Dagger            |     1 |     2 ||     3
 Cast: Sandblast         |    36 |    36 ||    72
  Use: Scroll            |     1 |       ||     1
       Potion            |     1 |       ||     1
Armor: Robe              |     1 |       ||     1
       Leather armour    |     1 |     1 ||     2
Dodge: Dodged            |     6 |    11 ||    17
Block: Buckler           |       |     4 ||     4
